Wolves vs Penguins
Created - March 5, 2023 at 19:05
Goals
|
| Wolves |
1 |
1 |
0 |
2 |
| Penguins |
1 |
1 |
2 |
4 |
|
Shots
|
| Wolves |
13 |
6 |
16 |
35 |
| Penguins |
9 |
12 |
11 |
32 |
|
1st period
1. Wolves , Alexandre Grenier 14 (Frederick Gaudreau 28, Wade Allison 5) at 14:30
2. Penguins , Evan Rodrigues 23 (Iven Barbashev 21, Matthew Tkachuk 27) at 19:40
Penalties :
Corey Shueneman (Chi) for Interference (Minor) at 10:22
2nd period
3. Wolves , Wade Allison 12 (Samuel Girard 17, Antti Suomela 23) at 11:51
4. Penguins , Jesper Boqvist 4 (Andrew O'Brien 20, Jeff Malott 5) at 18:48
Penalties :
Eric Robinson (Chi) for Hooking (Minor) at 1:11, Eric Robinson (Chi) for Tripping (Minor) at 7:26, Jesper Boqvist (Wil) for Roughing (Minor) at 9:39, Gavin Bayreuther (Wil) for Holding (Minor) at 16:05
3rd period
5. Penguins , Anthony Beauvillier 16 (Gavin Bayreuther 36, Victor Olofsson 23) at 2:24 (PP)
6. Penguins , Evan Rodrigues 24 (Andy Andreoff 6) at 19:21 (Empty Net)
Penalties :
Eric Robinson (Chi) for Hooking (Minor) at 1:17, Wade Allison (Chi) for Cross-checking (Minor) at 13:13
Goalie Stats
Ebbe Siönäs (Chi), 28 saves from 31 shots - (0.903), L, 17-15-4, 59:46 minutes
Jeremy Swayman (Wil), 33 saves from 35 shots - (0.943), W, 12-14-1, 60:00 minutes
Players Stats for Wolves
Player Name G A P +/- PIM S H SB GA TA FO MP PP MP PK MP
------------------------------------------------------------------------------------
Alexandre Grenier 1 0 1 0 0 4 1 2 3 0 0/3 18:52 2:09 0:00
Antti Suomela 0 1 1 1 0 6 0 0 1 0 2/3 13:12 0:00 3:40
Cedric Paquette 0 0 0 -1 0 3 1 0 0 0 6/17 17:30 1:49 2:01
Corey Shueneman 0 0 0 1 2 0 1 2 1 0 0/0 19:40 1:11 3:04
Dylan Coghlan 0 0 0 -1 0 2 0 1 0 0 0/0 10:10 0:00 0:00
Eric Robinson 0 0 0 0 6 6 0 0 1 0 2/4 21:09 2:09 2:06
Frederick Gaudreau 0 1 1 0 0 1 2 1 0 1 18/30 24:12 2:09 5:14
Fredrik Olofsson 0 0 0 -1 0 3 2 2 0 0 0/0 19:00 1:49 3:45
Jack Ahcan 0 0 0 0 0 0 1 0 0 0 0/0 4:39 0:00 0:00
Jake Evans 0 0 0 -1 0 1 1 0 0 0 1/1 7:02 0:00 0:00
Jakub Zboril 0 0 0 -1 0 1 3 3 1 4 0/0 25:48 2:47 4:58
Jalen Chatfield 0 0 0 -1 0 1 1 0 0 0 0/0 25:10 2:47 4:58
Jonah Gadjovich 0 0 0 1 0 0 2 0 0 0 0/0 10:49 0:00 1:14
Kyle Capobianco 0 0 0 -1 0 1 1 0 0 0 0/0 10:14 0:00 0:34
Liam O'Brien 0 0 0 0 0 0 0 0 0 0 0/0 0:00 0:00 0:00
Maksim Sushko 0 0 0 -1 0 0 0 0 0 0 0/0 7:02 0:00 0:00
Matthew Kiersted 0 0 0 0 0 0 0 1 0 0 0/0 3:38 0:00 0:27
Parker Kelly 0 0 0 -1 0 1 0 0 0 0 0/0 7:17 0:00 0:06
Samuel Girard 0 1 1 1 0 1 1 1 0 0 0/0 20:42 1:11 4:05
Stelio Mattheos 0 0 0 0 0 0 0 0 0 0 0/0 0:00 0:00 0:00
Thomas Spelling 0 0 0 -1 0 3 2 2 2 0 0/0 15:15 1:49 0:00
Wade Allison 1 1 2 1 2 1 1 0 0 0 0/0 9:31 0:00 0:00
Players Stats for Penguins
Player Name G A P +/- PIM S H SB GA TA FO MP PP MP PK MP
------------------------------------------------------------------------------------
Adam Brooks 0 0 0 -1 0 2 1 0 0 0 7/14 18:03 3:54 0:21
Andrew O'Brien 0 1 1 1 0 1 0 0 1 1 0/0 19:34 3:28 2:06
Andy Andreoff 0 1 1 1 0 3 4 0 0 1 2/2 16:19 5:02 2:07
Anthony Beauvillier 1 0 1 -1 0 7 4 0 0 1 0/0 19:33 3:54 1:36
Brett Kulak 0 0 0 0 0 1 2 0 0 0 0/0 28:18 5:56 1:43
Dakota Mermis 0 0 0 -1 0 0 2 2 0 1 0/0 19:37 3:16 2:15
Danny Biega 0 0 0 2 0 0 1 3 0 0 0/0 15:44 0:33 0:42
Eetu Luostarinen 0 0 0 0 0 1 0 0 0 0 3/5 9:33 0:00 0:43
Evan Rodrigues 2 0 2 1 0 4 3 1 0 1 14/30 22:18 5:09 2:02
Gavin Bayreuther 0 1 1 -2 2 2 0 2 1 1 0/0 22:52 4:53 1:10
Iven Barbashev 0 1 1 0 0 0 1 0 1 1 1/2 15:33 0:07 0:33
Jeff Malott 0 1 1 1 0 1 0 0 0 0 0/0 8:53 0:00 0:00
Jesper Boqvist 1 0 1 2 2 2 0 0 1 0 0/3 10:19 0:00 0:34
John Marino 0 0 0 1 0 2 1 1 0 1 0/0 13:19 0:00 0:00
Matthew Tkachuk 0 1 1 1 0 2 0 0 1 0 1/1 20:01 5:02 0:00
Max Gortz 0 0 0 0 0 1 1 1 0 0 0/0 9:18 0:07 0:00
Sam Kurker 0 0 0 1 0 2 0 1 0 0 0/0 9:08 0:00 0:00
Victor Olofsson 0 1 1 -1 0 1 1 0 0 1 1/1 17:38 3:54 0:00
3 Stars
1 - Evan Rodrigues (Wil)
2 - Jeremy Swayman (Wil)
3 - Anthony Beauvillier (Wil)
Power Play
Wolves - 0 on 2 Attempt(s) - 0.00%
Penguins - 1 on 5 Attempt(s) - 20.00%
Penalty Kill
Wolves - 4 on 5 Attempt(s) - 80.00%
- Score 0 goal in Penalty Kill
Penguins - 2 on 2 Attempt(s) - 100.00%
- Score 0 goal in Penalty Kill
Team Stat
Wolves - Hits : 20 - Faceoff Wins : 29 - Blocked Shots : 15 - Penalty Minutes : 10
Penguins - Hits : 21 - Faceoff Wins : 29 - Blocked Shots : 11 - Penalty Minutes : 4
Official
Referees : Brian Pochmara and Chris Rooney
Linesman : Steve Barton and Ryan Daisy
Game Notes
Matthew Kiersted is injured at 15:57 of 1st period (Strained Right Elbow)
Andrew O'Brien is injured at 0:27 of 3rd period (Severed Right Wrist Tendon)
Evan Rodrigues has scored in a empty net!
Finance
Level 1 -- Attendance: 1697 (84.85%) -- Ticket Income $59,395
Level 2 -- Attendance: 973 (97.30%) -- Ticket Income $14,595
Total Attendance: 2670 (89.00%)
Total Ticket Income: $73,990
Other Income: $3,700
Total Income: $77,690
Wolves
5 vs 5 Forward
Center Left Wing Right Wing Time % Phy DF OF
1 Frederick Gaudreau Eric Robinson Alexandre Grenier 40 1 2 2
2 Cedric Paquette Fredrik Olofsson Thomas Spelling 30 1 2 2
3 Antti Suomela Jonah Gadjovich Wade Allison 20 1 2 2
4 Jake Evans Parker Kelly Maksim Sushko 10 1 2 2
5 vs 5 Defense
Defense Defense Time % Phy DF OF
1 Jalen Chatfield Jakub Zboril 40 1 2 2
2 Corey Shueneman Samuel Girard 30 1 2 2
3 Dylan Coghlan Matthew Kiersted 20 1 2 2
4 Kyle Capobianco Jack Ahcan 10 1 2 2
PowerPlay Forward
Center Left Wing Right Wing Time % Phy DF OF
1 Frederick Gaudreau Eric Robinson Alexandre Grenier 60 1 2 2
2 Cedric Paquette Fredrik Olofsson Thomas Spelling 40 1 2 2
PowerPlay Defense
Defense Defense Time % Phy DF OF
1 Jalen Chatfield Jakub Zboril 60 1 2 2
2 Corey Shueneman Samuel Girard 40 1 2 2
Penalty Kill 4 Players Forward
Center Wing Time % Phy DF OF
1 Frederick Gaudreau Eric Robinson 60 1 2 2
2 Cedric Paquette Fredrik Olofsson 40 1 2 2
Penalty Kill 4 Players Defense
Defense Defense Time % Phy DF OF
1 Jalen Chatfield Jakub Zboril 60 1 2 2
2 Corey Shueneman Samuel Girard 40 1 2 2
Penalty Kill - 3 Players Forward
Forward Time % Phy DF OF
1 Frederick Gaudreau 60 1 2 2
2 Cedric Paquette 40 1 2 2
Penalty Kill - 3 Players Defense
Defense Defense Time % Phy DF OF
1 Jalen Chatfield Jakub Zboril 60 1 2 2
2 Corey Shueneman Samuel Girard 40 1 2 2
4 vs 4 Forward
Center Wing Time % Phy DF OF
1 Frederick Gaudreau Eric Robinson 60 1 2 2
2 Cedric Paquette Fredrik Olofsson 40 1 2 2
4 vs 4 Defense
Defense Defense Time % Phy DF OF
1 Jalen Chatfield Jakub Zboril 60 1 2 2
2 Corey Shueneman Samuel Girard 40 1 2 2
Last Minutes Offensive
Center Left Wing Right Wing Defense Defense
Frederick Gaudreau Eric Robinson Alexandre Grenier Jalen Chatfield Jakub Zboril
Last Minutes Defensive
Center Left Wing Right Wing Defense Defense
Frederick Gaudreau Eric Robinson Alexandre Grenier Jalen Chatfield Jakub Zboril
Goaltenders
Starting : Ebbe Siönäs
Backup : Ukko-Pekka Luukkonen
Extra Forwards
Normal : Antti Suomela, Jake Evans, Eric Robinson - PP : Antti Suomela, Jake Evans - PK : Antti Suomela
Extra Defensemen
Normal : Matthew Kiersted, Kyle Capobianco, Jack Ahcan - PP : Matthew Kiersted - PK : Matthew Kiersted, Kyle Capobianco
Penalty Shots
Alexandre Grenier, Frederick Gaudreau, Cedric Paquette, Thomas Spelling, Antti Suomela
Scratches
Sasha Chmelevski (Healthy), Hayden Hodgson (Healthy), Joona Koppanen (Healthy)
Penguins
5 vs 5 Forward
Center Left Wing Right Wing Time % Phy DF OF
1 Evan Rodrigues Iven Barbashev Matthew Tkachuk 40 1 2 2
2 Adam Brooks Anthony Beauvillier Victor Olofsson 30 1 2 2
3 Eetu Luostarinen Andy Andreoff Max Gortz 20 1 2 2
4 Jesper Boqvist Jeff Malott Sam Kurker 10 1 2 2
5 vs 5 Defense
Defense Defense Time % Phy DF OF
1 Andrew O'Brien Brett Kulak 40 1 2 2
2 Dakota Mermis Gavin Bayreuther 30 1 2 2
3 Danny Biega John Marino 20 1 2 2
4 Andrew O'Brien Brett Kulak 10 1 2 2
PowerPlay Forward
Center Left Wing Right Wing Time % Phy DF OF
1 Evan Rodrigues Andy Andreoff Matthew Tkachuk 60 1 2 2
2 Adam Brooks Anthony Beauvillier Victor Olofsson 40 1 2 2
PowerPlay Defense
Defense Defense Time % Phy DF OF
1 Andrew O'Brien Brett Kulak 60 1 2 2
2 Dakota Mermis Gavin Bayreuther 40 1 2 2
Penalty Kill 4 Players Forward
Center Wing Time % Phy DF OF
1 Evan Rodrigues Andy Andreoff 60 1 2 2
2 Adam Brooks Anthony Beauvillier 40 1 2 2
Penalty Kill 4 Players Defense
Defense Defense Time % Phy DF OF
1 Andrew O'Brien Brett Kulak 60 1 2 2
2 Dakota Mermis Gavin Bayreuther 40 1 2 2
Penalty Kill - 3 Players Forward
Forward Time % Phy DF OF
1 Evan Rodrigues 60 1 2 2
2 Adam Brooks 40 1 2 2
Penalty Kill - 3 Players Defense
Defense Defense Time % Phy DF OF
1 Andrew O'Brien Brett Kulak 60 1 2 2
2 Dakota Mermis Gavin Bayreuther 40 1 2 2
4 vs 4 Forward
Center Wing Time % Phy DF OF
1 Evan Rodrigues Andy Andreoff 60 1 2 2
2 Adam Brooks Anthony Beauvillier 40 1 2 2
4 vs 4 Defense
Defense Defense Time % Phy DF OF
1 Andrew O'Brien Brett Kulak 60 1 2 2
2 Dakota Mermis Gavin Bayreuther 40 1 2 2
Last Minutes Offensive
Center Left Wing Right Wing Defense Defense
Evan Rodrigues Andy Andreoff Matthew Tkachuk Andrew O'Brien Brett Kulak
Last Minutes Defensive
Center Left Wing Right Wing Defense Defense
Evan Rodrigues Andy Andreoff Matthew Tkachuk Andrew O'Brien Brett Kulak
Goaltenders
Starting : Jeremy Swayman
Backup : Anthony Stolarz
Extra Forwards
Normal : Anthony Beauvillier, Iven Barbashev, Max Gortz - PP : Anthony Beauvillier, Iven Barbashev - PK : Anthony Beauvillier
Extra Defensemen
Normal : Gavin Bayreuther, Danny Biega, John Marino - PP : Gavin Bayreuther - PK : Gavin Bayreuther, Danny Biega
Penalty Shots
Andy Andreoff, Matthew Tkachuk, Victor Olofsson, Evan Rodrigues, Anthony Beauvillier
Scratches
Brett Pollock (Healthy), Curtis Hamilton (Healthy), Denis Malgin (Healthy), Josh Ho-Sang (Healthy), Juuso Ikonen (Healthy)
Matthew Finn (Healthy), Austin Strand (Healthy), Raphael Bussieres (Healthy), Steven Spinner (Healthy), German Rubtsov (Healthy)
Cal Petersen (Healthy)
% Time on Ice - Wolves
Lines # - Real PCT - Wanted PCT - Time Play
Normal Forward
1 - 36% - 40% - 16:30
2 - 29% - 30% - 13:26
3 - 20% - 20% - 9:28
4 - 15% - 10% - 7:02
Normal Defense
1 - 37% - 40% - 16:58
2 - 33% - 30% - 15:26
3 - 22% - 20% - 10:04
4 - 9% - 10% - 3:58
PP Forward
1 - 54% - 60% - 2:09
2 - 46% - 40% - 1:49
PP Defense
1 - 70% - 60% - 2:47
2 - 30% - 40% - 1:11
PK Forward
1 - 83% - 60% - 7:29
2 - 17% - 40% - 1:34
PK Defense
1 - 55% - 60% - 4:58
2 - 45% - 40% - 4:05
PK3 Forward
1 - 0% - 60%
2 - 0% - 40%
PK3 Defense
1 - 0% - 60%
2 - 0% - 40%
44 Forward
1 - 0% - 60%
2 - 0% - 40%
44 Defense
1 - 0% - 60%
2 - 0% - 40%
Last Minute Offensive - 0:33
Last Minute Defensive - 0:00
Total
Forward - 60:00
Defense - 60:00
|
% Time on Ice - Penguins
Lines # - Real PCT - Wanted PCT - Time Play
Normal Forward
1 - 31% - 40% - 14:37
2 - 30% - 30% - 14:09
3 - 19% - 20% - 8:50
4 - 19% - 10% - 8:53
Normal Defense
1 - 43% - 40% - 20:11
2 - 27% - 30% - 12:20
3 - 26% - 20% - 11:56
4 - 4% - 10% - 2:02
PP Forward
1 - 57% - 60% - 5:09
2 - 43% - 40% - 3:54
PP Defense
1 - 72% - 60% - 6:29
2 - 28% - 40% - 2:34
PK Forward
1 - 91% - 60% - 3:37
2 - 9% - 40% - 0:21
PK Defense
1 - 43% - 60% - 1:43
2 - 57% - 40% - 2:15
PK3 Forward
1 - 0% - 60%
2 - 0% - 40%
PK3 Defense
1 - 0% - 60%
2 - 0% - 40%
44 Forward
1 - 0% - 60%
2 - 0% - 40%
44 Defense
1 - 0% - 60%
2 - 0% - 40%
Last Minute Offensive - 0:00
Last Minute Defensive - 0:30
Total
Forward - 60:00
Defense - 60:00
|
Play-by-Play
1st period
0:01 of 1st period - Evan Rodrigues wins face-off versus Eric Robinson in neutral zone.
0:14 of 1st period - Snap shot by Iven Barbashev.
0:14 of 1st period - Shot Misses the Net.
0:26 of 1st period - Brett Kulak is hit by Thomas Spelling and loses puck.
0:54 of 1st period - Gavin Bayreuther is hit by Wade Allison and loses puck.
1:09 of 1st period - Wrist shot by Sam Kurker.
1:09 of 1st period - Stopped by Ebbe Siönäs without a rebound.
1:10 of 1st period - Jake Evans wins face-off versus Jesper Boqvist in Wolves zone.
1:35 of 1st period - John Marino is hit by Alexandre Grenier and loses puck.
1:50 of 1st period - Snap shot by Jeff Malott.
1:50 of 1st period - Deflect By Jesper Boqvist.
1:50 of 1st period - Stopped by Ebbe Siönäs without a rebound.
1:51 of 1st period - Cedric Paquette wins face-off versus Evan Rodrigues in Wolves zone.
1:51 of 1st period - Cedric Paquette is hit by Brett Kulak.
2:25 of 1st period - Snap shot by Matthew Tkachuk.
2:25 of 1st period - Shot Misses the Net.
3:02 of 1st period - Wrist shot by Samuel Girard.
3:02 of 1st period - Stopped by Jeremy Swayman without a rebound.
3:03 of 1st period - Frederick Gaudreau wins face-off versus Adam Brooks in Penguins zone.
3:12 of 1st period - Wrist shot by Alexandre Grenier.
3:12 of 1st period - Shot Blocked by Gavin Bayreuther.
4:11 of 1st period - Dylan Coghlan is hit by Dakota Mermis and loses puck.
4:26 of 1st period - Snap shot by Thomas Spelling.
4:26 of 1st period - Shot Misses the Net.
4:28 of 1st period - Wrist shot by Dylan Coghlan.
4:28 of 1st period - Stopped by Jeremy Swayman without a rebound.
4:29 of 1st period - Cedric Paquette wins face-off versus Adam Brooks in Penguins zone.
4:40 of 1st period - Wrist shot by Anthony Beauvillier.
4:40 of 1st period - Deflect By Adam Brooks.
4:40 of 1st period - Shot Misses the Net.
4:40 of 1st period - Puck is out of play.
4:41 of 1st period - Evan Rodrigues wins face-off versus Frederick Gaudreau in Wolves zone.
4:44 of 1st period - Slapshot by Matthew Tkachuk.
4:44 of 1st period - Stopped by Ebbe Siönäs without a rebound.
4:45 of 1st period - Evan Rodrigues wins face-off versus Frederick Gaudreau in Wolves zone.
4:56 of 1st period - Wrist shot by Iven Barbashev.
4:56 of 1st period - Shot Blocked by Jakub Zboril.
5:36 of 1st period - Wrist shot by Antti Suomela.
5:36 of 1st period - Shot Misses the Net.
6:24 of 1st period - Wrist shot by Matthew Tkachuk.
6:24 of 1st period - Shot Misses the Net.
6:38 of 1st period - Wrist shot by Fredrik Olofsson.
6:38 of 1st period - Stopped by Jeremy Swayman with a rebound.
7:31 of 1st period - Frederick Gaudreau is hit by John Marino and loses puck.
8:16 of 1st period - Kyle Capobianco is hit by Andy Andreoff and loses puck.
8:25 of 1st period - Snap shot by Max Gortz.
8:25 of 1st period - Shot Misses the Net.
9:42 of 1st period - Slapshot by Thomas Spelling.
9:42 of 1st period - Shot Misses the Net.
9:58 of 1st period - Off-side.
9:59 of 1st period - Eric Robinson wins face-off versus Jesper Boqvist in neutral zone.
10:04 of 1st period - Wrist shot by Eric Robinson.
10:04 of 1st period - Stopped by Jeremy Swayman without a rebound.
10:05 of 1st period - Frederick Gaudreau wins face-off versus Jesper Boqvist in Penguins zone.
10:17 of 1st period - Snap shot by Jeff Malott.
10:17 of 1st period - Shot Misses the Net.
10:22 of 1st period - Minor Penalty to Corey Shueneman for Interference.
10:23 of 1st period - Evan Rodrigues wins face-off versus Frederick Gaudreau in Wolves zone.
11:53 of 1st period - Anthony Beauvillier is hit by Frederick Gaudreau.
12:22 of 1st period - Penalty to Corey Shueneman is over, Corey Shueneman is back on ice.
13:38 of 1st period - Jeff Malott is hit by Jack Ahcan and loses puck.
14:02 of 1st period - Snap shot by Antti Suomela.
14:02 of 1st period - Stopped by Jeremy Swayman without a rebound.
14:03 of 1st period - Adam Brooks wins face-off versus Antti Suomela in Penguins zone.
14:16 of 1st period - Wrist shot by Gavin Bayreuther.
14:16 of 1st period - Shot Blocked by Samuel Girard.
14:30 of 1st period - Slapshot by Alexandre Grenier.
14:30 of 1st period - Goal by Alexandre Grenier - Wolves : 1 - Penguins : 0.
14:31 of 1st period - Frederick Gaudreau wins face-off versus Iven Barbashev in neutral zone.
14:57 of 1st period - Jakub Zboril is hit by Anthony Beauvillier.
15:28 of 1st period - Dylan Coghlan is hit by Brett Kulak and loses puck.
15:55 of 1st period - Wrist shot by Jesper Boqvist.
15:55 of 1st period - Shot Misses the Net.
15:57 of 1st period - Snap shot by Danny Biega.
15:57 of 1st period - Shot Blocked by Matthew Kiersted.
15:57 of 1st period - Matthew Kiersted from Wolves is injured at 15:57 of 1st period (Strained Right Elbow).
15:58 of 1st period - Frederick Gaudreau wins face-off versus Evan Rodrigues in Wolves zone.
16:03 of 1st period - Brett Kulak is hit by Jakub Zboril and loses puck.
17:13 of 1st period - Slapshot by Jakub Zboril.
17:13 of 1st period - Deflect By Dakota Mermis.
17:13 of 1st period - Stopped by Jeremy Swayman with a rebound.
17:15 of 1st period - Slapshot by Jalen Chatfield.
17:15 of 1st period - Deflect By Jake Evans.
17:15 of 1st period - Stopped by Jeremy Swayman with a rebound.
17:17 of 1st period - Slapshot by Parker Kelly.
17:17 of 1st period - Stopped by Jeremy Swayman with a rebound.
17:37 of 1st period - Slapshot by Gavin Bayreuther.
17:37 of 1st period - Stopped by Ebbe Siönäs with a rebound.
17:57 of 1st period - Snap shot by Evan Rodrigues.
17:57 of 1st period - Shot Misses the Net.
18:07 of 1st period - Wrist shot by Antti Suomela.
18:07 of 1st period - Stopped by Jeremy Swayman with a rebound.
18:09 of 1st period - Snap shot by Antti Suomela.
18:09 of 1st period - Stopped by Jeremy Swayman with a rebound.
18:11 of 1st period - Slapshot by Antti Suomela.
18:11 of 1st period - Deflect By Victor Olofsson.
18:11 of 1st period - Stopped by Jeremy Swayman with a rebound.
18:13 of 1st period - Snap shot by Antti Suomela.
18:13 of 1st period - Stopped by Jeremy Swayman without a rebound.
18:14 of 1st period - Victor Olofsson wins face-off versus Frederick Gaudreau in Penguins zone.
18:23 of 1st period - Slapshot by Anthony Beauvillier.
18:23 of 1st period - Stopped by Ebbe Siönäs with a rebound.
19:10 of 1st period - Snap shot by Victor Olofsson.
19:10 of 1st period - Stopped by Ebbe Siönäs with a rebound.
19:18 of 1st period - Slapshot by Anthony Beauvillier.
19:18 of 1st period - Stopped by Ebbe Siönäs with a rebound.
19:20 of 1st period - Slapshot by Anthony Beauvillier.
19:20 of 1st period - Shot Blocked by Alexandre Grenier.
19:22 of 1st period - Snap shot by Adam Brooks.
19:22 of 1st period - Shot Blocked by Frederick Gaudreau.
19:24 of 1st period - Backhand shot by Brett Kulak.
19:24 of 1st period - Shot Misses the Net.
19:26 of 1st period - Slapshot by Brett Kulak.
19:26 of 1st period - Stopped by Ebbe Siönäs without a rebound.
19:27 of 1st period - Evan Rodrigues wins face-off versus Cedric Paquette in Wolves zone.
19:28 of 1st period - Slapshot by Matthew Tkachuk.
19:28 of 1st period - Shot Misses the Net.
19:40 of 1st period - Snap shot by Evan Rodrigues.
19:40 of 1st period - Goal by Evan Rodrigues - Wolves : 1 - Penguins : 1.
19:41 of 1st period - Iven Barbashev wins face-off versus Cedric Paquette in neutral zone.
Goals for this period are 1 for Wolves vs 1 for Penguins.
Shots for this period are 13 for Wolves vs 9 for Penguins.
2nd period
0:01 of 2nd period - Evan Rodrigues wins face-off versus Eric Robinson in neutral zone.
0:08 of 2nd period - Slapshot by Frederick Gaudreau.
0:08 of 2nd period - Stopped by Jeremy Swayman without a rebound.
0:09 of 2nd period - Frederick Gaudreau wins face-off versus Evan Rodrigues in Penguins zone.
0:38 of 2nd period - Wrist shot by Alexandre Grenier.
0:38 of 2nd period - Stopped by Jeremy Swayman without a rebound.
0:39 of 2nd period - Cedric Paquette wins face-off versus Adam Brooks in Penguins zone.
0:44 of 2nd period - Snap shot by Thomas Spelling.
0:44 of 2nd period - Shot Misses the Net.
0:46 of 2nd period - Snap shot by Fredrik Olofsson.
0:46 of 2nd period - Stopped by Jeremy Swayman without a rebound.
0:47 of 2nd period - Adam Brooks wins face-off versus Cedric Paquette in Penguins zone.
0:47 of 2nd period - Adam Brooks is hit by Fredrik Olofsson.
1:05 of 2nd period - Wrist shot by Thomas Spelling.
1:05 of 2nd period - Stopped by Jeremy Swayman without a rebound.
1:06 of 2nd period - Evan Rodrigues wins face-off versus Alexandre Grenier in Penguins zone.
1:06 of 2nd period - Evan Rodrigues is hit by Frederick Gaudreau.
1:11 of 2nd period - Minor Penalty to Eric Robinson for Hooking.
1:12 of 2nd period - Frederick Gaudreau wins face-off versus Evan Rodrigues in Wolves zone.
1:37 of 2nd period - Jakub Zboril is hit by Anthony Beauvillier and loses puck.
2:02 of 2nd period - Samuel Girard is hit by Anthony Beauvillier and loses puck.
2:51 of 2nd period - Samuel Girard is hit by Andy Andreoff.
3:11 of 2nd period - Penalty to Eric Robinson is over, Eric Robinson is back on ice.
3:27 of 2nd period - Slapshot by Sam Kurker.
3:27 of 2nd period - Shot Misses the Net.
6:12 of 2nd period - Snap shot by Sam Kurker.
6:12 of 2nd period - Shot Blocked by Corey Shueneman.
6:37 of 2nd period - Brett Kulak is hit by Jonah Gadjovich and loses puck.
6:55 of 2nd period - Antti Suomela is hit by Andy Andreoff and loses puck.
7:00 of 2nd period - Snap shot by Andy Andreoff.
7:00 of 2nd period - Stopped by Ebbe Siönäs with a rebound.
7:02 of 2nd period - Slapshot by Brett Kulak.
7:02 of 2nd period - Shot Blocked by Dylan Coghlan.
7:04 of 2nd period - Wrist shot by Eetu Luostarinen.
7:04 of 2nd period - Stopped by Ebbe Siönäs without a rebound.
7:05 of 2nd period - Frederick Gaudreau wins face-off versus Adam Brooks in Wolves zone.
7:16 of 2nd period - Snap shot by Anthony Beauvillier.
7:16 of 2nd period - Shot Misses the Net.
7:26 of 2nd period - Minor Penalty to Eric Robinson for Tripping.
7:27 of 2nd period - Frederick Gaudreau wins face-off versus Evan Rodrigues in Wolves zone.
7:37 of 2nd period - Off-side.
7:38 of 2nd period - Evan Rodrigues wins face-off versus Frederick Gaudreau in neutral zone.
8:04 of 2nd period - Andrew O'Brien is hit by Jakub Zboril and loses puck.
8:27 of 2nd period - Slapshot by Victor Olofsson.
8:27 of 2nd period - Shot Misses the Net.
9:26 of 2nd period - Penalty to Eric Robinson is over, Eric Robinson is back on ice.
9:39 of 2nd period - Minor Penalty to Jesper Boqvist for Roughing.
9:40 of 2nd period - Evan Rodrigues wins face-off versus Frederick Gaudreau in Penguins zone.
9:54 of 2nd period - Slapshot by Jalen Chatfield.
9:54 of 2nd period - Shot Blocked by Dakota Mermis.
10:10 of 2nd period - Slapshot by Jakub Zboril.
10:10 of 2nd period - Shot Misses the Net.
10:12 of 2nd period - Snap shot by Thomas Spelling.
10:12 of 2nd period - Shot Misses the Net.
10:14 of 2nd period - Slapshot by Jalen Chatfield.
10:14 of 2nd period - Shot Blocked by Dakota Mermis.
10:44 of 2nd period - Evan Rodrigues is hit by Samuel Girard and loses puck.
11:21 of 2nd period - Icing by Cedric Paquette.
11:22 of 2nd period - Eetu Luostarinen wins face-off versus Cedric Paquette in Wolves zone.
11:39 of 2nd period - Penalty to Jesper Boqvist is over, Jesper Boqvist is back on ice.
11:39 of 2nd period - Samuel Girard is hit by Evan Rodrigues and loses puck.
11:49 of 2nd period - Icing by Evan Rodrigues.
11:50 of 2nd period - Antti Suomela wins face-off versus Adam Brooks in Penguins zone.
11:51 of 2nd period - Snap shot by Samuel Girard.
11:51 of 2nd period - Deflect By Wade Allison.
11:51 of 2nd period - Goal by Wade Allison - Wolves : 2 - Penguins : 1.
11:52 of 2nd period - Eric Robinson wins face-off versus Evan Rodrigues in neutral zone.
12:01 of 2nd period - Slapshot by Frederick Gaudreau.
12:01 of 2nd period - Shot Misses the Net.
13:07 of 2nd period - Slapshot by Gavin Bayreuther.
13:07 of 2nd period - Shot Misses the Net.
13:43 of 2nd period - Sam Kurker is hit by Fredrik Olofsson and loses puck.
14:48 of 2nd period - Snap shot by Andy Andreoff.
14:48 of 2nd period - Stopped by Ebbe Siönäs with a rebound.
14:50 of 2nd period - Snap shot by Andy Andreoff.
14:50 of 2nd period - Stopped by Ebbe Siönäs without a rebound.
14:51 of 2nd period - Frederick Gaudreau wins face-off versus Evan Rodrigues in Wolves zone.
15:00 of 2nd period - Wrist shot by Eric Robinson.
15:00 of 2nd period - Stopped by Jeremy Swayman with a rebound.
15:27 of 2nd period - Snap shot by Anthony Beauvillier.
15:27 of 2nd period - Shot Blocked by Fredrik Olofsson.
15:29 of 2nd period - Wrist shot by Adam Brooks.
15:29 of 2nd period - Stopped by Ebbe Siönäs with a rebound.
15:36 of 2nd period - Icing by Samuel Girard.
15:37 of 2nd period - Andy Andreoff wins face-off versus Cedric Paquette in Wolves zone.
16:05 of 2nd period - Minor Penalty to Gavin Bayreuther for Holding.
16:06 of 2nd period - Evan Rodrigues wins face-off versus Frederick Gaudreau in Penguins zone.
16:42 of 2nd period - Dakota Mermis is hit by Jalen Chatfield and loses puck.
18:05 of 2nd period - Penalty to Gavin Bayreuther is over, Gavin Bayreuther is back on ice.
18:44 of 2nd period - Snap shot by Jeff Malott.
18:44 of 2nd period - Stopped by Ebbe Siönäs with a rebound.
18:46 of 2nd period - Slapshot by Andrew O'Brien.
18:46 of 2nd period - Stopped by Ebbe Siönäs with a rebound.
18:48 of 2nd period - Wrist shot by Jesper Boqvist.
18:48 of 2nd period - Goal by Jesper Boqvist - Wolves : 2 - Penguins : 2.
18:49 of 2nd period - Eetu Luostarinen wins face-off versus Frederick Gaudreau in neutral zone.
18:51 of 2nd period - Off-side.
18:52 of 2nd period - Frederick Gaudreau wins face-off versus Eetu Luostarinen in neutral zone.
19:05 of 2nd period - Wrist shot by Andy Andreoff.
19:05 of 2nd period - Shot Misses the Net.
19:07 of 2nd period - Wrist shot by Danny Biega.
19:07 of 2nd period - Shot Misses the Net.
19:17 of 2nd period - Slapshot by Evan Rodrigues.
19:17 of 2nd period - Stopped by Ebbe Siönäs with a rebound.
19:23 of 2nd period - Snap shot by Iven Barbashev.
19:23 of 2nd period - Shot Blocked by Fredrik Olofsson.
19:25 of 2nd period - Snap shot by Evan Rodrigues.
19:25 of 2nd period - Shot Blocked by Corey Shueneman.
19:27 of 2nd period - Slapshot by John Marino.
19:27 of 2nd period - Deflect By Thomas Spelling.
19:27 of 2nd period - Stopped by Ebbe Siönäs with a rebound.
19:43 of 2nd period - Off-side.
19:44 of 2nd period - Adam Brooks wins face-off versus Alexandre Grenier in neutral zone.
19:55 of 2nd period - Slapshot by Victor Olofsson.
19:55 of 2nd period - Shot Blocked by Jakub Zboril.
19:57 of 2nd period - Snap shot by Anthony Beauvillier.
19:57 of 2nd period - Stopped by Ebbe Siönäs with a rebound.
19:59 of 2nd period - Wrist shot by Adam Brooks.
19:59 of 2nd period - Stopped by Ebbe Siönäs with a rebound.
Goals for this period are 1 for Wolves vs 1 for Penguins.
Shots for this period are 6 for Wolves vs 12 for Penguins.
3rd period
0:01 of 3rd period - Frederick Gaudreau wins face-off versus Evan Rodrigues in neutral zone.
0:26 of 3rd period - Andrew O'Brien is hit by Jonah Gadjovich and loses puck.
0:27 of 3rd period - Andrew O'Brien from Penguins is injured at 0:27 of 3rd period (Severed Right Wrist Tendon).
0:28 of 3rd period - Evan Rodrigues wins face-off versus Alexandre Grenier in Penguins zone.
0:36 of 3rd period - Icing by Brett Kulak.
0:37 of 3rd period - Frederick Gaudreau wins face-off versus Evan Rodrigues in Penguins zone.
0:50 of 3rd period - Wrist shot by Iven Barbashev.
0:50 of 3rd period - Shot Blocked by Alexandre Grenier.
0:52 of 3rd period - Snap shot by Matthew Tkachuk.
0:52 of 3rd period - Shot Misses the Net.
0:56 of 3rd period - Slapshot by Evan Rodrigues.
0:56 of 3rd period - Stopped by Ebbe Siönäs without a rebound.
0:57 of 3rd period - Adam Brooks wins face-off versus Cedric Paquette in Wolves zone.
0:58 of 3rd period - Slapshot by Gavin Bayreuther.
0:58 of 3rd period - Shot Misses the Net.
1:00 of 3rd period - Wrist shot by Adam Brooks.
1:00 of 3rd period - Deflect By Victor Olofsson.
1:00 of 3rd period - Shot Blocked by Jakub Zboril.
1:00 of 3rd period - Puck is out of play.
1:01 of 3rd period - Adam Brooks wins face-off versus Cedric Paquette in Wolves zone.
1:12 of 3rd period - Wrist shot by Anthony Beauvillier.
1:12 of 3rd period - Stopped by Ebbe Siönäs without a rebound.
1:13 of 3rd period - Evan Rodrigues wins face-off versus Frederick Gaudreau in Wolves zone.
1:17 of 3rd period - Minor Penalty to Eric Robinson for Hooking.
1:18 of 3rd period - Andy Andreoff wins face-off versus Frederick Gaudreau in Wolves zone.
1:57 of 3rd period - Corey Shueneman is hit by Evan Rodrigues and loses puck.
2:22 of 3rd period - Slapshot by Gavin Bayreuther.
2:22 of 3rd period - Stopped by Ebbe Siönäs with a rebound.
2:24 of 3rd period - Snap shot by Anthony Beauvillier.
2:24 of 3rd period - Goal by Anthony Beauvillier - Wolves : 2 - Penguins : 3.
2:25 of 3rd period - Adam Brooks wins face-off versus Frederick Gaudreau in neutral zone.
2:32 of 3rd period - Wrist shot by Victor Olofsson.
2:32 of 3rd period - Shot Misses the Net.
2:34 of 3rd period - Slapshot by Adam Brooks.
2:34 of 3rd period - Shot Misses the Net.
2:36 of 3rd period - Wrist shot by John Marino.
2:36 of 3rd period - Stopped by Ebbe Siönäs without a rebound.
2:37 of 3rd period - Evan Rodrigues wins face-off versus Cedric Paquette in Wolves zone.
2:38 of 3rd period - Wrist shot by Iven Barbashev.
2:38 of 3rd period - Shot Blocked by Thomas Spelling.
2:46 of 3rd period - Slapshot by Jakub Zboril.
2:46 of 3rd period - Shot Misses the Net.
2:48 of 3rd period - Snap shot by Fredrik Olofsson.
2:48 of 3rd period - Shot Misses the Net.
2:50 of 3rd period - Wrist shot by Thomas Spelling.
2:50 of 3rd period - Stopped by Jeremy Swayman with a rebound.
2:52 of 3rd period - Backhand shot by Jalen Chatfield.
2:52 of 3rd period - Stopped by Jeremy Swayman with a rebound.
3:04 of 3rd period - Frederick Gaudreau is hit by Anthony Beauvillier and loses puck.
3:29 of 3rd period - Snap shot by Antti Suomela.
3:29 of 3rd period - Shot Blocked by John Marino.
3:31 of 3rd period - Slapshot by Antti Suomela.
3:31 of 3rd period - Stopped by Jeremy Swayman without a rebound.
3:32 of 3rd period - Evan Rodrigues wins face-off versus Cedric Paquette in Penguins zone.
3:47 of 3rd period - Gavin Bayreuther is hit by Cedric Paquette and loses puck.
4:06 of 3rd period - Dylan Coghlan is hit by Victor Olofsson and loses puck.
4:26 of 3rd period - Slapshot by Eric Robinson.
4:26 of 3rd period - Shot Blocked by Danny Biega.
4:28 of 3rd period - Slapshot by Eric Robinson.
4:28 of 3rd period - Stopped by Jeremy Swayman with a rebound.
4:30 of 3rd period - Snap shot by Frederick Gaudreau.
4:30 of 3rd period - Deflect By Alexandre Grenier.
4:30 of 3rd period - Stopped by Jeremy Swayman with a rebound.
4:32 of 3rd period - Wrist shot by Frederick Gaudreau.
4:32 of 3rd period - Shot Blocked by Sam Kurker.
4:34 of 3rd period - Slapshot by Eric Robinson.
4:34 of 3rd period - Shot Misses the Net.
4:36 of 3rd period - Wrist shot by Dylan Coghlan.
4:36 of 3rd period - Stopped by Jeremy Swayman with a rebound.
4:38 of 3rd period - Wrist shot by Alexandre Grenier.
4:38 of 3rd period - Stopped by Jeremy Swayman without a rebound.
4:39 of 3rd period - Matthew Tkachuk wins face-off versus Cedric Paquette in Penguins zone.
4:44 of 3rd period - Slapshot by Gavin Bayreuther.
4:44 of 3rd period - Shot Blocked by Thomas Spelling.
4:52 of 3rd period - Jakub Zboril is hit by Danny Biega and loses puck.
5:29 of 3rd period - Snap shot by Max Gortz.
5:29 of 3rd period - Stopped by Ebbe Siönäs with a rebound.
5:59 of 3rd period - Wrist shot by Sam Kurker.
5:59 of 3rd period - Stopped by Ebbe Siönäs without a rebound.
6:00 of 3rd period - Cedric Paquette wins face-off versus Evan Rodrigues in Wolves zone.
6:00 of 3rd period - Cedric Paquette is hit by Iven Barbashev.
6:06 of 3rd period - Brett Kulak is hit by Thomas Spelling.
6:56 of 3rd period - Antti Suomela is hit by Max Gortz and loses puck.
7:11 of 3rd period - Sam Kurker is hit by Jake Evans and loses puck.
7:32 of 3rd period - Snap shot by Thomas Spelling.
7:32 of 3rd period - Deflect By Cedric Paquette.
7:32 of 3rd period - Stopped by Jeremy Swayman with a rebound.
7:34 of 3rd period - Snap shot by Samuel Girard.
7:34 of 3rd period - Shot Misses the Net.
8:02 of 3rd period - Gavin Bayreuther is hit by Corey Shueneman.
8:36 of 3rd period - Slapshot by Cedric Paquette.
8:36 of 3rd period - Shot Misses the Net.
9:01 of 3rd period - Off-side.
9:02 of 3rd period - Frederick Gaudreau wins face-off versus Evan Rodrigues in neutral zone.
9:29 of 3rd period - Thomas Spelling is hit by Adam Brooks and loses puck.
9:34 of 3rd period - Wrist shot by Anthony Beauvillier.
9:34 of 3rd period - Stopped by Ebbe Siönäs without a rebound.
9:35 of 3rd period - Adam Brooks wins face-off versus Cedric Paquette in Wolves zone.
9:44 of 3rd period - Slapshot by Thomas Spelling.
9:44 of 3rd period - Stopped by Jeremy Swayman without a rebound.
9:45 of 3rd period - Cedric Paquette wins face-off versus Adam Brooks in Penguins zone.
10:04 of 3rd period - Slapshot by Cedric Paquette.
10:04 of 3rd period - Stopped by Jeremy Swayman with a rebound.
10:06 of 3rd period - Snap shot by Cedric Paquette.
10:06 of 3rd period - Shot Misses the Net.
10:08 of 3rd period - Wrist shot by Fredrik Olofsson.
10:08 of 3rd period - Stopped by Jeremy Swayman with a rebound.
10:16 of 3rd period - Wrist shot by Cedric Paquette.
10:16 of 3rd period - Stopped by Jeremy Swayman without a rebound.
10:17 of 3rd period - Frederick Gaudreau wins face-off versus Evan Rodrigues in Penguins zone.
10:22 of 3rd period - Wrist shot by Eric Robinson.
10:22 of 3rd period - Stopped by Jeremy Swayman without a rebound.
10:23 of 3rd period - Frederick Gaudreau wins face-off versus Evan Rodrigues in Penguins zone.
10:51 of 3rd period - Off-side.
10:52 of 3rd period - Cedric Paquette wins face-off versus Adam Brooks in neutral zone.
11:30 of 3rd period - Slapshot by Kyle Capobianco.
11:30 of 3rd period - Stopped by Jeremy Swayman with a rebound.
12:06 of 3rd period - Backhand shot by Thomas Spelling.
12:06 of 3rd period - Deflect By Fredrik Olofsson.
12:06 of 3rd period - Shot Misses the Net.
12:06 of 3rd period - Puck is out of play.
12:07 of 3rd period - Frederick Gaudreau wins face-off versus Evan Rodrigues in Penguins zone.
12:42 of 3rd period - Andy Andreoff is hit by Jakub Zboril and loses puck.
12:46 of 3rd period - Icing by Andy Andreoff.
12:47 of 3rd period - Eetu Luostarinen wins face-off versus Frederick Gaudreau in Penguins zone.
13:13 of 3rd period - Minor Penalty to Wade Allison for Cross-checking.
13:14 of 3rd period - Frederick Gaudreau wins face-off versus Evan Rodrigues in Wolves zone.
13:22 of 3rd period - Wrist shot by Matthew Tkachuk.
13:22 of 3rd period - Stopped by Ebbe Siönäs with a rebound.
13:52 of 3rd period - Snap shot by Anthony Beauvillier.
13:52 of 3rd period - Stopped by Ebbe Siönäs without a rebound.
13:53 of 3rd period - Frederick Gaudreau wins face-off versus Evan Rodrigues in Wolves zone.
14:38 of 3rd period - Cedric Paquette is hit by Dakota Mermis and loses puck.
15:13 of 3rd period - Penalty to Wade Allison is over, Wade Allison is back on ice.
15:33 of 3rd period - Snap shot by Jake Evans.
15:33 of 3rd period - Shot Misses the Net.
15:43 of 3rd period - Jonah Gadjovich is hit by Evan Rodrigues.
17:02 of 3rd period - Snap shot by Wade Allison.
17:02 of 3rd period - Shot Blocked by Danny Biega.
18:45 of 3rd period - Anthony Beauvillier is hit by Kyle Capobianco.
19:00 of 3rd period - Eric Robinson is hit by Andy Andreoff and loses puck.
19:07 of 3rd period - Wolves, Ebbe Siönäs is pulled from the net.
19:07 of 3rd period - Wrist shot by Alexandre Grenier.
19:07 of 3rd period - Shot Blocked by Evan Rodrigues.
19:09 of 3rd period - Snap shot by Eric Robinson.
19:09 of 3rd period - Shot Blocked by Danny Biega.
19:11 of 3rd period - Snap shot by Eric Robinson.
19:11 of 3rd period - Stopped by Jeremy Swayman with a rebound.
19:13 of 3rd period - Snap shot by Eric Robinson.
19:13 of 3rd period - Stopped by Jeremy Swayman with a rebound.
19:21 of 3rd period - Slapshot by Evan Rodrigues.
19:21 of 3rd period - Goal by Evan Rodrigues - Wolves : 2 - Penguins : 4.
19:21 of 3rd period - Ebbe Siönäs from Wolves was sent back in the game.
19:22 of 3rd period - Antti Suomela wins face-off versus Eetu Luostarinen in neutral zone.
19:31 of 3rd period - Slapshot by Samuel Girard.
19:31 of 3rd period - Shot Blocked by Max Gortz.
19:33 of 3rd period - Wrist shot by Antti Suomela.
19:33 of 3rd period - Shot Misses the Net.
19:35 of 3rd period - Wrist shot by Jonah Gadjovich.
19:35 of 3rd period - Shot Blocked by Gavin Bayreuther.
19:37 of 3rd period - Wrist shot by Wade Allison.
19:37 of 3rd period - Shot Misses the Net.
Goals for this period are 0 for Wolves vs 2 for Penguins.
Shots for this period are 16 for Wolves vs 11 for Penguins.